 Dungeon Crawl Stone Soup version 0.26.1-11-gd32895ea62 (webtiles) character file.

Game seed: 13417405185916695214

3369 Almogavar the Carver (level 9, 0/80 HPs)
             Began as a Palentonga Fighter on July 17, 2021.
             Was a Priest of Okawaru.
             Slain by a wyvern (18 damage)
             ... on level 8 of the Dungeon.
             The game lasted 00:28:09 (10684 turns).

Almogavar the Carver (Palentonga Fighter)          Turns: 10684, Time: 00:28:09

Health: 0/80       AC: 16    Str: 24    XL:     9   Next: 73%
Magic:  9/9        EV: 10    Int:  8    God:    Okawaru [***...]
Gold:   414        SH: 10    Dex:  9    Spells: 8/8 levels left

rFire    + . .     SeeInvis +   a - +0 long sword
rCold    x . .     Faith    .   c - +0 kite shield
rNeg     . . .     Spirit   .   k - +2 robe {Will+}
rPois    .         Reflect  .   j - +0 helmet
rElec    .         Harm     .   l - +0 cloak
rCorr    .         Rampage  .   n - +0 pair of gloves
Will     +....                  (no barding)
Stlth    +.........             (no amulet)
HPRegen  0.23/turn              v - ring of fire
MPRegen  0.11/turn              (no ring)

@: curled up
A: large, rugged brown scales 3, see invisible, deformed body, roll 1, armoured
tail, reflexive curl
a: Rolling Charge, Renounce Religion, Heroism


You were on level 8 of the Dungeon.
You worshipped Okawaru.
Okawaru was most pleased with you.
You visited 1 branch of the dungeon, and saw 8 of its levels.
You also visited: Ossuary.

You collected 414 gold pieces.

Inventory:

Hand Weapons
 a - a +0 long sword (weapon)
Armour
 c - a +0 kite shield (worn)
 f - a scarf of resistance
 j - a +0 helmet (worn)
 k - a +2 robe of willpower (worn)
 l - a +0 cloak (worn)
 n - a +0 pair of gloves (worn)
 s - a +0 chain mail
Jewellery
 v - a ring of fire (left hand)
 x - an uncursed ring of fire
Wands
 p - a wand of disintegration (13)
 t - a wand of paralysis (4)
Scrolls
 b - 2 scrolls of fog
 g - 6 scrolls of teleportation
 i - 3 scrolls of enchant armour
 o - 5 scrolls of remove curse
 r - 2 scrolls of immolation {unknown}
 w - 2 scrolls of enchant weapon {unknown}
 y - a scroll of torment {unknown}
Potions
 d - 4 potions of might
 e - 2 potions of heal wounds
 h - 2 potions of brilliance
 m - 3 potions of curing
 q - a potion of flight
 u - 9 potions of degeneration {unknown}
 z - a potion of resistance {unknown}
 A - a potion of mutation {unknown}
 B - a potion of invisibility {unknown}
 C - a potion of cancellation {unknown}
 D - 2 potions of lignification {unknown}
 E - a potion of ambrosia {unknown}


   Skills:
 + Level 6.0 Fighting
 + Level 9.5 Long Blades
 + Level 2.8 Armour
 + Level 4.4 Dodging
 - Level 0.9 Stealth
 + Level 5.9 Shields


You had 8 spell levels left.
You didn't know any spells.
Your spell library was empty.

Dungeon Overview and Level Annotations

Branches:
Dungeon (8/15)             Temple (0/1) D:6         Ossuary (visited)
   Lair: D:8-11

Altars:
Dithmenos
Fedhas
Makhleb
Nemelex Xobeh
Okawaru
Qazlal
Sif Muna
Trog
Uskayaw
Xom
The Shining One

Shops:
D:6 [   D:8 *


Innate Abilities, Weirdness & Mutations

You are completely covered in rugged brown scales. (AC +3, +7% HP)
You have supernaturally acute eyesight. (SInv)
Armour fits poorly on your strangely shaped body.
You can roll at nearby foes to attack.
You have a long armoured tail.
You curl defensively after being hit.


Message History

You barely miss the wyvern.
The wyvern bites you but does no damage.
The wyvern bites you!
* * * LOW HITPOINT WARNING * * *
You closely miss the wyvern. The wyvern bites you.
* * * LOW HITPOINT WARNING * * *
You barely miss the wyvern.
You tail-slap the wyvern, but do no damage.
You block the wyvern's attack.
You feel better. The wyvern bites you!
* * * LOW HITPOINT WARNING * * *
You block the wyvern's attack.
You barely miss the wyvern. The wyvern barely misses you.
You hit the wyvern but do no damage. You tail-slap the wyvern.
The wyvern is lightly wounded.
You block the wyvern's attack. x2
You closely miss the wyvern. You tail-slap the wyvern.
The wyvern is lightly wounded.
The wyvern bites you!!
You die...

.⌠.8.⌠.....# ###.#
♣.♣.♣.♣....####...#
...........#..8...#
.#####.....#......#
.# #......8...8.#
.# ######.......#
.# ##..8...#
.**********#####l##
.**,,,,,,,,,* #@#
,**,,,,,,,*,* #.#
,,,,,,,,,.#.####.#
***,,,,,,........#
*,,,,,,.#.######
*,,,,,,,*,*
*,,,,,,,,,*
***********


You could see a wyvern.

Vanquished Creatures
  Erica (D:8)
  Eustachio (D:5)
  Menkaure (D:5)
  A sky beast (D:8)
  2 ice beasts (D:5)
  2 ogres
  2 centaurs (D:8)
  3 bullfrogs
  A big kobold (D:8)
  A gnoll sergeant (D:6)
  A wyvern skeleton (D:6)
  A scorpion (D:4)
  4 killer bees (D:8)
  A howler monkey (D:6)
  2 bullfrog zombies
  2 jellies
  5 centaur skeletons
  3 centaur zombies
  3 hounds
  A human zombie (Ossuary)
  2 iguanas (D:6)
  Jessica (D:2)
  Ijyb (D:5)
  9 worker ants
  A big kobold zombie (Ossuary)
  2 hound skeletons
  Robin (D:1)
  3 mummies (Ossuary)
  2 worker ant zombies
  4 gnolls (D:6)
  10 adders
  A white imp (D:8)
  2 ufetubi
  2 adder skeletons
  2 adder zombies
  4 worms
  3 leopard geckos
  18 orcs
  5 giant cockroaches
  A gnoll zombie (Ossuary)
  8 goblins
  7 hobgoblins
  8 jackals
  4 quokkas
  3 ball pythons
  10 bats
  4 frilled lizards
  A goblin zombie (Ossuary)
  A hobgoblin zombie (Ossuary)
  A jackal skeleton (D:8)
  14 kobolds
  A kobold zombie (Ossuary)
  11 rats
185 creatures vanquished.

Vanquished Creatures (others)
  A plant (D:2)
1 creature vanquished.

Grand Total: 186 creatures vanquished

Notes
Turn   | Place    | Note
-------+----------+-------------------------------------------
     0 | D:1      | Almogavar the Palentonga Fighter began the quest for the
                  | Orb.
     0 | D:1      | Reached XP level 1. HP: 20/20 MP: 1/1
   888 | D:2      | Noticed Robin
   902 | D:2      | Reached XP level 2. HP: 20/27 MP: 2/2
   907 | D:1      | Killed Robin
  1096 | D:2      | Reached XP level 3. HP: 25/33 MP: 3/3
  1444 | D:2      | Noticed Jessica
  1449 | D:2      | Killed Jessica
  1450 | D:2      | Reached XP level 4. HP: 24/40 MP: 4/4
  1645 | D:2      | Found a sparkling altar of Nemelex Xobeh.
  1971 | D:2      | Found a glowing golden altar of the Shining One.
  2203 | D:3      | Reached skill level 3 in Long Blades
  2575 | D:3      | Reached XP level 5. HP: 38/48 MP: 5/5
  4237 | D:4      | Found a stormy altar of Qazlal.
  4263 | D:4      | Reached skill level 4 in Long Blades
  4263 | D:4      | Reached XP level 6. HP: 53/55 MP: 6/6
  4296 | D:4      | Reached skill level 1 in Dodging
  5512 | D:5      | Entered Level 5 of the Dungeon
  5575 | D:5      | Found an iron altar of Okawaru.
  5583 | D:5      | Became a worshipper of Warmaster Okawaru
  5605 | D:5      | Reached skill level 5 in Long Blades
  5605 | D:5      | Gained mutation: You curl defensively after being hit.
                  | [Palentonga growth]
  5605 | D:5      | Reached XP level 7. HP: 26/63 MP: 7/7
  5836 | D:5      | Noticed Ijyb
  5848 | D:5      | Killed Ijyb
  6304 | D:5      | Noticed Menkaure
  6320 | D:5      | HP: 3/63 [Menkaure (17)]
  6323 | D:5      | Killed Menkaure
  6323 | D:5      | Reached * piety under Okawaru
  6324 | D:5      | Reached skill level 6 in Long Blades
  6615 | D:5      | Noticed Eustachio
  6683 | D:5      | Killed Eustachio
  6684 | D:5      | Reached XP level 8. HP: 44/71 MP: 8/8
  6899 | D:5      | Noticed a moth of wrath
  6903 | D:5      | Found a bloodstained altar of Trog.
  7731 | D:6      | Found a shadowy altar of Dithmenos.
  8108 | D:6      | Found a staircase to the Ecumenical Temple.
  8133 | D:6      | Reached skill level 7 in Long Blades
  8248 | D:6      | Reached ** piety under Okawaru
  8249 | D:6      | Reached skill level 5 in Fighting
  8254 | D:6      | Found a hide-covered altar of Uskayaw.
  8277 | D:6      | Reached skill level 5 in Shields
  8521 | D:6      | Found Opusoew's Antique Armour Shop.
  9039 | D:7      | Found a blossoming altar of Fedhas.
  9235 | D:7      | Found a shimmering blue altar of Sif Muna.
  9321 | D:7      | Found a burning altar of Makhleb.
  9453 | D:7      | Found a shimmering altar of Xom.
  9850 | D:8      | Reached XP level 9. HP: 58/79 MP: 9/9
  9860 | D:8      | Reached skill level 8 in Long Blades
  9890 | D:8      | Found Gieg's Assorted Antiques.
  9960 | D:8      | Found a sand-covered staircase.
  9968 | Ossuary  | Entered an ossuary
 10290 | Ossuary  | Reached *** piety under Okawaru
 10481 | D:8      | Noticed Erica
 10498 | D:8      | Killed Erica
 10499 | D:8      | Reached skill level 9 in Long Blades
 10684 | D:8      | Slain by a wyvern

Illustrated notes

Levels and vault maps discovered:
D:1:      scummos_arrival_forest, layout_loops_corners,
          chequers_serial_rivers_small_3, st_stairs_7
D:2:      layout_basic, tso_oasis_becter, old_standard_altar, uniq_jessica,
          uniq_robin
D:3:      layout_basic, nicolae_overflow_hidden_temple,
          kennysheep_generic_room_16
D:4:      layout_gridville, lemuel_doored_altar
D:5:      layout_basic, tgw_trog, okawaru_gym_becter, serial_curves,
          eino_curves_02, eino_curves_01, eino_curves_03, uniq_menkaure,
          uniq_ijyb, uniq_eustachio
D:6:      layout_basic, kennysheep_little_box,
          nicolae_dithmenos_through_a_glass_darkly, minmay_temple_entry_glass,
          serial_shops, shop, supply_closet_lemuel, serial_park_tiny_pond,
          minmay_misc_feat_plants
D:7:      layout_loops_ring, overflow_temple_1_default, led_sif_pool,
          old_standard_altar, basic_altar, grunt_decor_mini_mirrors
D:8:      layout_loops_cross, nicolae_ossuary_entry_monument,
          minmay_shop_grid_forest, chequers_serial_rivers_micro_c, uniq_erica

Skill      XL: |  1  2  3  4  5  6  7  8  9 |
---------------+----------------------------+-----
Shields        | 3 4 5 |  5.9
Long Blades    | 3 4 5 6 7 9 |  9.5
Dodging        | 1 2 3 4 |  4.4
Fighting       | 4 5 6 |  6.0
Armour         | |  2.8
Stealth        | |  0.9

Action                   |  1- 3 |  4- 6 |  7- 9 || total
-------------------------+-------+-------+-------++-------
Melee: Long sword        |    90 |   181 |   453 ||   724
       Tailslap          |     7 |    24 |    57 ||    88
 Abil: Rolling Charge    |     5 |    25 |    34 ||    64
  Use: Potion            |     1 |       |     4 ||     5
       Scroll            |       |     3 |    10 ||    13
 Stab: Sleeping          |       |     1 |     1 ||     2
Armor: Scale mail        |    60 |       |       ||    60
       Robe              |       |    58 |   146 ||   204
Dodge: Dodged            |    21 |    57 |   150 ||   228
Block: Kite shield       |    52 |    77 |   216 ||   345
       Rpst.: Long sword |     4 |    20 |    36 ||    60
